[Event "Titled Tuesday Blitz April 25 Early 2023"]
[White "Melikyan, Gnel"]
[Black "Balla, Tamas-Kristof"]
[WhiteFideId "54109990"]
[BlackFideId "1208497"]
[WhiteElo "2138"]
[BlackElo "2334"]
[Result "0-1"]
[Round "05"]
[TimeControl "180+2"]
[Date "2023.04.25"]
[WhiteClock "0:00:02"]
[BlackClock "0:00:37"]

1. e4 c5 2. Nf3 Nc6 3. Bb5 Nf6 4. d3 g6 5. O-O Bg7 6. Re1 O-O 7. c3 d6 8. Nbd2 Bg4 9. h3 Bxf3 10. Nxf3 e6 11. Bxc6 bxc6 12. e5 Nd5 13. exd6 Qxd6 14. Qa4 Rfd8 15. Nd2 Nb6 16. Qe4 Qxd3 17. Qxc6 Rac8 18. Qe4 Qd7 19. Nf3 Nd5 20. Bg5 Re8 21. Rad1 Qc7 22. c4 Nb4 23. a3 Nc6 24. Rd2 Nd4 25. Nxd4 cxd4 26. Rc1 Qa5 27. Qh4 f6 28. Bh6 g5 29. b4 Qxa3 0-1


[Site "https://www.chess.com"]

[Event "Titled Tuesday Blitz April 25 Early 2023"]
[White "Jimenez Jimenez, Leandro"]
[Black "Martinez Ramirez, Lennis"]
[WhiteFideId "6415253"]
[BlackFideId "3509079"]
[WhiteElo "2263"]
[BlackElo "2410"]
[Result "0-1"]
[Round "05"]
[TimeControl "180+2"]
[Date "2023.04.25"]
[WhiteClock "0:00:02"]
[BlackClock "0:00:02"]

1. d4 Nf6 2. c4 e6 3. g3 d5 4. Bg2 a6 5. Nf3 dxc4 6. O-O Nc6 7. e3 Rb8 8. Qe2 b5 9. b3 cxb3 10. axb3 Bb7 11. Bb2 Be7 12. Rc1 O-O 13. Nbd2 Nb4 14. Ne1 Bxg2 15. Kxg2 Qc8 16. Nd3 Qb7+ 17. Kg1 Nxd3 18. Qxd3 Rfd8 19. Qe2 Bb4 20. Nf3 Ne4 21. Ne5 c5 22. Nd3 Rbc8 23. f3 Nd2 24. Nxb4 Nxb3 25. dxc5 a5 26. Nd3 b4 27. Rab1 Nxc1 28. Rxc1 Qb5 29. Rd1 a4 30. Bd4 a3 31. Qa2 Ra8 32. Qb3 a2 33. Ra1 Ra3 34. Qb2 Qxd3 35. Rxa2 Qd1+ 36. Kg2 Rda8 37. Rxa3 bxa3 38. Qa2 Qd3 39. Qa1 Qb5 40. Bxg7 a2 41. Bh8 Kf8 42. Qxa2 Rxa2+ 43. Kh3 Qc4 0-1


[Site "https://www.chess.com"]

[Event "Titled Tuesday Blitz April 25 Early 2023"]
[White "Janaszak, Dawid"]
[Black "Silva, Pedro Gil Ferreira Da"]
[WhiteFideId "1119206"]
[BlackFideId "1946102"]
[WhiteElo "2220"]
[BlackElo "2255"]
[Result "1-0"]
[Round "05"]
[TimeControl "180+2"]
[Date "2023.04.25"]
[WhiteClock "0:01:37"]
[BlackClock "0:00:48"]

1. e4 c5 2. Nc3 e6 3. d4 cxd4 4. Qxd4 a6 5. Bf4 Nc6 6. Qd3 Bb4 7. O-O-O Qa5 8. Bd2 Nf6 9. a3 Bxc3 10. Bxc3 Qc7 11. Kb1 b5 12. g4 h6 13. Ne2 Bb7 14. f3 O-O-O 15. Qd6 Qxd6 16. Rxd6 Kc7 17. Rd1 e5 18. Ng3 d5 19. Bd3 d4 20. Bd2 Nd7 21. Nf5 g6 22. Nxh6 Rdf8 23. g5 Nc5 24. h4 Nd8 25. Ng4 Nc6 26. Bb4 Nxb4 27. axb4 Nd7 28. c3 f5 29. gxf6 1-0


[Site "https://www.chess.com"]

[Event "Titled Tuesday Blitz April 25 Early 2023"]
[White "Juhasz, Agoston"]
[Black "Bochnicka, Vladimir"]
[WhiteFideId "778346"]
[BlackFideId "14943450"]
[WhiteElo "2211"]
[BlackElo "2094"]
[Result "1-0"]
[Round "05"]
[TimeControl "180+2"]
[Date "2023.04.25"]
[WhiteClock "0:00:05"]
[BlackClock "0:00:03"]

1. Nc3 Nf6 2. e4 e5 3. Nf3 Nc6 4. a3 d6 5. Bc4 Be7 6. d3 O-O 7. h3 a6 8. O-O Be6 9. Bg5 h6 10. Bxf6 Bxf6 11. Nd5 Be7 12. Ba2 Nb8 13. d4 Nd7 14. Nxe7+ Qxe7 15. d5 Bxh3 16. gxh3 f5 17. exf5 Rxf5 18. Nh2 Raf8 19. Qe2 Qh4 20. Qe3 e4 21. Rae1 Rf4 22. Qg3 Qf6 23. c3 Ne5 24. Bb1 Qf5 25. Kh1 Rf6 26. Rg1 Rg6 27. Qe3 Rxf2 28. Rxg6 Nxg6 29. Qxe4 Qxh3 30. Qe6+ Qxe6 31. dxe6 Ne7 32. Ng4 Rxb2 33. Ne3 Rb3 34. Nf5 Nxf5 35. Bxf5 Kf8 36. e7+ Ke8 37. Bg6+ Kd7 38. e8=Q# 1-0


[Site "https://www.chess.com"]

[Event "Titled Tuesday Blitz April 25 Early 2023"]
[White "Avazkhonov, Alikhon"]
[Black "Danielyan, Vahe"]
[WhiteFideId "14208504"]
[BlackFideId "13304828"]
[WhiteElo "1739"]
[BlackElo "2423"]
[Result "1-0"]
[Round "05"]
[TimeControl "180+2"]
[Date "2023.04.25"]
[WhiteClock "0:00:04"]
[BlackClock "0:00:02"]

1. e4 e5 2. Nf3 Nc6 3. Bb5 a6 4. Ba4 Nf6 5. O-O Be7 6. Re1 d6 7. c3 O-O 8. d4 Bg4 9. d5 Nb8 10. Nbd2 Nbd7 11. Nf1 Nc5 12. Bc2 Bh5 13. b4 Ncd7 14. Ng3 Bg6 15. Nh4 Re8 16. Nhf5 h6 17. Qf3 c6 18. c4 cxd5 19. cxd5 Rc8 20. Bd3 Qc7 21. Bd2 Qb8 22. Rec1 Bf8 23. h4 Rxc1+ 24. Rxc1 Rc8 25. h5 Bh7 26. Kh2 Rxc1 27. Bxc1 Qc7 28. Bd2 Qb6 29. Ne2 Bxf5 30. Qxf5 Be7 31. g4 Qc7 32. Kg3 Nh7 33. Qf3 Bg5 34. Bxg5 Nxg5 35. Qe3 Nf6 36. f3 Kh8 37. a4 Kg8 38. a5 Kf8 39. Qd2 Ke7 40. Nc3 Kd8 41. Na4 1-0


[Site "https://www.chess.com"]

[Event "Titled Tuesday Blitz April 25 Early 2023"]
[White "Kielinkei"]
[Black "Isajevsky, Anton"]
[BlackFideId "4142500"]
[WhiteElo "2429"]
[BlackElo "2510"]
[Result "0-1"]
[Round "05"]
[TimeControl "180+2"]
[Date "2023.04.25"]
[WhiteClock "0:00:02"]
[BlackClock "0:00:07"]

1. e4 e6 2. Nf3 d5 3. e5 c5 4. b4 b6 5. a3 Nh6 6. c3 Nf5 7. d4 Be7 8. Bd3 O-O 9. O-O Nc6 10. Bb2 f6 11. b5 Na5 12. Re1 Bd7 13. a4 Rc8 14. Nbd2 Kh8 15. exf6 Bxf6 16. Ne5 Be8 17. Ndf3 cxd4 18. cxd4 Nc4 19. Bxc4 dxc4 20. Bc3 Qd5 21. Qe2 Nd6 22. Nd2 Nf5 23. Qg4 Rc7 24. Ne4 Bxe5 25. dxe5 Qd7 26. Rad1 Qf7 27. Bb4 Rg8 28. Nd6 Qg6 29. Qf4 c3 30. Rc1 c2 31. Re2 Bd7 32. Qe4 Nxd6 33. Qxg6 hxg6 34. Bxd6 Rc4 35. Rexc2 Rxa4 36. Rc3 Re8 37. Rc7 Bxb5 38. h3 Kg8 39. Kh2 a6 40. Ra7 Rc4 41. Rxc4 Bxc4 42. Rb7 b5 43. Ra7 Rc8 44. Rxa6 Bd5 45. Ra7 Rc2 46. Kg3 Bc4 47. Ra8+ Kf7 48. Rb8 Rb2 49. Rb7+ Kg8 50. f3 Bd5 51. h4 Bxb7 52. Kf4 Kf7 53. g4 Bd5 54. h5 Rc2 55. h6 Rc4+ 56. Kg5 gxh6+ 57. Kxh6 Rf4 58. g5 Rxf3 59. Kh7 Rh3# 0-1


[Site "https://www.chess.com"]

[Event "Titled Tuesday Blitz April 25 Early 2023"]
[White "Harriott, Tyrell"]
[Black "Yelisieiev, Yevhenii"]
[WhiteFideId "2086484"]
[BlackFideId "14139642"]
[WhiteElo "2107"]
[BlackElo "2425"]
[Result "0-1"]
[Round "05"]
[TimeControl "180+2"]
[Date "2023.04.25"]
[WhiteClock "0:00:05"]
[BlackClock "0:00:05"]

1. d4 d6 2. e3 Nf6 3. Bd3 Nbd7 4. f4 e5 5. Ne2 e4 6. Bc4 d5 7. Bb3 c6 8. c4 dxc4 9. Bxc4 Nb6 10. Bb3 Nbd5 11. Bd2 Ng4 12. Bxd5 cxd5 13. O-O Be7 14. Nbc3 O-O 15. Qb3 Nf6 16. Ng3 b6 17. Rfc1 g6 18. a4 Ba6 19. Nb5 Ne8 20. Bb4 Bxb4 21. Qxb4 Qd7 22. Rc2 Bxb5 23. axb5 Nd6 24. Rc6 Nc4 25. Qc3 a6 26. Rxc4 dxc4 27. bxa6 b5 28. Qa5 Rfb8 29. Nxe4 Qe6 30. Nc5 Qxe3+ 31. Kh1 Qxd4 32. a7 Rc8 33. b4 c3 34. h3 c2 35. Qa3 Rxc5 36. bxc5 b4 37. Qc1 Qxc5 38. Ra2 b3 39. Rb2 Qc4 40. Kh2 Rxa7 41. Qe3 Ra4 42. Qe8+ Kg7 43. Qe5+ f6 44. Qe7+ Qf7 45. Qe3 Rc4 46. Rxb3 c1=Q 47. Rd3 Rc7 48. Qf3 Qcc4 49. Re3 Qc6 50. Re4 f5 51. Re3 Qxf3 52. Rxf3 Rc4 53. Kg3 Qc7 54. h4 h6 55. h5 g5 56. Kh2 Rxf4 57. Rg3 Rh4+ 58. Kg1 Qxg3 59. Kf1 Re4 0-1


[Site "https://www.chess.com"]

[Event "Titled Tuesday Blitz April 25 Early 2023"]
[White "Koridze, Lile"]
[Black "Moksh Amit Doshi"]
[WhiteFideId "13612514"]
[BlackFideId "25064967"]
[WhiteElo "2047"]
[BlackElo "2297"]
[Result "1-0"]
[Round "05"]
[TimeControl "180+2"]
[Date "2023.04.25"]
[WhiteClock "0:00:06"]
[BlackClock "0:00:09"]

1. d4 Nf6 2. c4 g6 3. Nc3 d5 4. cxd5 Nxd5 5. Bd2 c5 6. dxc5 Bg7 7. Qb3 Be6 8. Qxb7 Nc7 9. Rd1 Nba6 10. Bf4 Qc8 11. Qc6+ Bd7 12. Qf3 O-O 13. c6 Bg4 14. Qg3 Rb8 15. b3 Rd8 16. Rxd8+ Qxd8 17. Bd2 Bf5 18. e4 Bxc3 19. Qxc3 Bxe4 20. Nf3 Nb4 21. Bc4 Nc2+ 22. Ke2 Nd5 23. Bxd5 Qxd5 24. c7 Rc8 25. Bf4 Qb5+ 26. Kd2 Qf5 27. Bg3 f6 28. Kc1 e5 29. Kb2 Qd7 30. Qc4+ Qd5 31. Qxd5+ Bxd5 32. Rc1 Rxc7 33. Rxc2 Rd7 34. Ne1 Kf7 35. f3 Ke6 36. Nd3 Bxf3 37. Nc5+ 1-0


[Site "https://www.chess.com"]

[Event "Titled Tuesday Blitz April 25 Early 2023"]
[White "Cori T., Deysi"]
[Black "Rangel, Daniel"]
[WhiteFideId "3801934"]
[BlackFideId "2124475"]
[WhiteElo "2292"]
[BlackElo "2256"]
[Result "0-1"]
[Round "05"]
[TimeControl "180+2"]
[Date "2023.04.25"]
[WhiteClock "0:00:01"]
[BlackClock "0:00:20"]

1. e3 c5 2. d4 b6 3. dxc5 bxc5 4. Nc3 Nf6 5. e4 d6 6. Bb5+ Bd7 7. Qe2 Nc6 8. Nf3 Nd4 9. Nxd4 cxd4 10. Bxd7+ Qxd7 11. Nb5 e5 12. O-O a6 13. Na3 d5 14. exd5 Bxa3 15. bxa3 Qxd5 16. Re1 e4 17. Bb2 O-O 18. Rad1 Qxa2 19. Bxd4 Qe6 20. Bxf6 Qxf6 21. Qxe4 Rac8 22. Re3 g6 23. h4 h5 24. g3 Rc6 25. Rf3 Qe6 26. Qxe6 Rxe6 27. Rd7 Rc6 28. c3 Kg7 29. Ra7 Rf6 30. Rxf6 Kxf6 31. Rxa6+ Kf5 32. Ra4 Rc8 33. Rf4+ Ke6 34. c4 f5 35. Kg2 Ke5 36. Kg1 Ra8 37. Rf3 Kd4 38. Rb3 Ra6 39. Rb4 Kc5 40. Kg2 Rxa3 41. Rb5+ Kc6 42. Rb8 Ra6 43. Kf3 Kc5 44. Rc8+ Kd4 45. Kf4 Ra2 46. f3 Ra3 47. c5 Kd5 48. c6 Kd6 49. Kg5 Rxf3 50. Kxg6 Rxg3+ 51. Kxh5 f4 52. Rf8 f3 53. Rf6+ Kc7 54. Kh6 Kc8 55. h5 Kc7 56. Kh7 Kb6 57. h6 Kc7 58. Kh8 Kb6 59. h7 Kc7 60. Re6 f2 61. Rf6 Rg2 0-1


[Site "https://www.chess.com"]

[Event "Titled Tuesday Blitz April 25 Early 2023"]
[White "Koutsin, Sergey"]
[Black "Asavasaetakul, Chawit"]
[WhiteFideId "14101483"]
[BlackFideId "6204856"]
[WhiteElo "2381"]
[BlackElo "1919"]
[Result "0-1"]
[Round "05"]
[TimeControl "180+2"]
[Date "2023.04.25"]
[WhiteClock "0:00:02"]
[BlackClock "0:00:38"]

1. d4 d5 2. c4 c6 3. cxd5 cxd5 4. Nf3 Nc6 5. Nc3 Nf6 6. Bf4 a6 7. Rc1 Bf5 8. e3 e6 9. Qb3 Bd6 10. Qxb7 Na5 11. Qxa8 Qxa8 12. Bxd6 Nc4 13. Bxc4 dxc4 14. O-O Bd3 15. Rfd1 Nd7 16. Ba3 f6 17. Ne1 Kf7 18. Nxd3 cxd3 19. Rxd3 Rc8 20. Rcd1 Nb6 21. Bc5 Nc4 22. Na4 Qc6 23. b3 Nd6 24. Rc3 Ne4 25. Rc2 Kg6 26. Rdc1 Qb5 27. Nc3 Nxc3 28. Rxc3 a5 29. a4 Qb7 30. f3 Rb8 31. Rb1 Qd5 32. e4 Qg5 33. Rd1 h5 34. h3 Rb7 35. Bd6 f5 36. f4 Qd8 37. exf5+ Kxf5 38. Be5 Qd5 39. Rdd3 Qe4 40. Kh2 Qe2 41. Rg3 Ke4 42. Rgf3 h4 43. Rc5 Qb2 44. Rcc3 Qa2 45. Rce3+ Kf5 46. Rd3 g6 47. Rfe3 Rb6 48. d5 exd5 49. Rxd5 Ke6 50. Rc5 Rxb3 51. Bc7+ Rxe3 52. Be5 Rg3 0-1


[Site "https://www.chess.com"]

[Event "Titled Tuesday Blitz April 25 Early 2023"]
[White "SashaKuzhilniy"]
[Black "Smiechu"]
[WhiteElo "2565"]
[BlackElo "2412"]
[Result "0-1"]
[Round "05"]
[TimeControl "180+2"]
[Date "2023.04.25"]
[WhiteClock "0:00:01"]
[BlackClock "0:00:18"]

1. b3 e5 2. Bb2 Nc6 3. c4 Nf6 4. e3 a5 5. Nc3 Bb4 6. a3 Bxc3 7. Bxc3 a4 8. b4 d6 9. d3 Be6 10. Be2 O-O 11. Rc1 Ne7 12. Nf3 h6 13. O-O Ng6 14. Qd2 c6 15. Qb2 Bg4 16. h3 Bxf3 17. Bxf3 Re8 18. b5 Qd7 19. bxc6 bxc6 20. Rb1 Nh4 21. Be2 Qf5 22. Rfc1 Qg5 23. Bf1 Nh5 24. Qb7 Rac8 25. Qd7 Nf6 26. Qxd6 Nf5 27. Qc5 Nh4 28. Rb7 Re6 29. Rcb1 Nf3+ 30. Kh1 Qh4 31. gxf3 Qxf2 32. Bg2 Nh5 33. Rb8 Rg6 34. Rxc8+ Kh7 35. Rb2 Ng3+ 36. Kh2 Nf1+ 37. Kh1 Ng3+ 38. Kh2 Ne2 39. Rh8+ Kxh8 0-1


[Site "https://www.chess.com"]

[Event "Titled Tuesday Blitz April 25 Early 2023"]
[White "Alexikov, Alexander"]
[Black "Mordechai, Hanan"]
[WhiteFideId "14103958"]
[BlackFideId "2804166"]
[WhiteElo "2186"]
[BlackElo "2324"]
[Result "1-0"]
[Round "05"]
[TimeControl "180+2"]
[Date "2023.04.25"]
[WhiteClock "0:00:08"]
[BlackClock "0:00:01"]

1. e4 c6 2. d3 g6 3. f4 Bg7 4. Nf3 d6 5. c4 Nf6 6. Nc3 O-O 7. g3 a6 8. Bg2 b5 9. O-O Nbd7 10. Kh1 Rb8 11. Qe2 a5 12. h3 b4 13. Nd1 Nc5 14. Kh2 d5 15. cxd5 cxd5 16. e5 Ne8 17. Be3 Ne6 18. d4 Qb6 19. Rf2 Ba6 20. Qe1 N8c7 21. Rc2 Nb5 22. Qf2 Rfc8 23. Rac1 Rxc2 24. Rxc2 Rc8 25. Rxc8+ Bxc8 26. Qc2 Qc7 27. Qxc7 Nexc7 28. Kg1 Bf5 29. Nd2 Bc2 30. Nf2 Bf8 31. Bf3 a4 32. Bd1 Bxd1 33. Nxd1 e6 34. Kf1 Be7 35. Ke2 Kf8 36. Nf2 Ke8 37. Nd3 Na6 38. Kd1 Kd7 39. Kc2 Kc6 40. g4 Bd8 41. Nf3 Bb6 42. f5 Nbc7 43. f6 h6 44. Bxh6 Kb5 45. Be3 Kc4 46. b3+ axb3+ 47. axb3+ Kb5 48. Ng5 Kc6 49. Nxf7 Nb5 50. Ng5 Kd7 51. f7 Ke7 52. Nxe6 Kxf7 53. Nef4 Nxd4+ 54. Bxd4 Bxd4 55. Nxd5 g5 56. N5xb4 Nxb4+ 57. Nxb4 Bxe5 58. Nc6 Bc7 59. Kd3 Ke6 60. Ke4 Kd6 61. Nd4 Ba5 62. Kf5 Bd2 63. Nf3 Bc1 64. Nxg5 Ke7 65. h4 Kf8 66. h5 Kg7 67. Ne4 Ba3 68. g5 Kh7 69. h6 Kh8 70. Nf6 Bf8 71. Kg6 Bxh6 72. b4 Bf8 73. b5 Bc5 74. Nd7 Bd4 75. Kf7 Be3 76. g6 Bd4 77. b6 Be5 78. b7 Bg7 1-0


[Site "https://www.chess.com"]

[Event "Titled Tuesday Blitz April 25 Early 2023"]
[White "Bartel, Michal"]
[Black "Liu, Casper"]
[WhiteFideId "1119257"]
[BlackFideId "1454153"]
[WhiteElo "2282"]
[BlackElo "2221"]
[Result "1-0"]
[Round "05"]
[TimeControl "180+2"]
[Date "2023.04.25"]
[WhiteClock "0:00:58"]
[BlackClock "0:00:02"]

1. e4 e5 2. Nc3 Nc6 3. g3 Bc5 4. Bg2 d6 5. Nge2 Nf6 6. Na4 Bb6 7. Nxb6 axb6 8. d4 exd4 9. Nxd4 O-O 10. O-O Re8 11. Re1 Bg4 12. f3 Bd7 13. Be3 Ne5 14. b3 Qc8 15. c4 Bh3 16. Bh1 h5 17. Bg5 Nfd7 18. Qc2 Nc5 19. Rad1 f6 20. Bc1 c6 21. Ne2 h4 22. Rxd6 hxg3 23. hxg3 Qc7 24. Rdd1 Qf7 25. Nf4 Bd7 26. Bg2 g5 27. Ne2 Qh5 28. Kf2 Bh3 29. Rh1 g4 30. Nf4 Qf7 31. Bxh3 gxh3 32. Rxh3 Red8 33. Rdh1 Kf8 34. Rh8+ Ke7 35. R8h7 Ncd3+ 36. Nxd3 Nxd3+ 37. Ke2 Nxc1+ 38. Qxc1 Rxa2+ 39. Ke3 c5 40. Rxf7+ Kxf7 41. f4 Rg2 42. Kf3 Rdd2 43. Qc3 Kg6 44. f5+ Kg5 45. Qe3# 1-0


[Site "https://www.chess.com"]

[Event "Titled Tuesday Blitz April 25 Early 2023"]
[White "Hirneise, Jens"]
[Black "BenchGM"]
[WhiteFideId "24614734"]
[WhiteElo "2345"]
[BlackElo "2385"]
[Result "0-1"]
[Round "05"]
[TimeControl "180+2"]
[Date "2023.04.25"]
[WhiteClock "0:00:11"]
[BlackClock "0:00:05"]

1. d4 d5 2. Nf3 Nf6 3. c4 e6 4. h3 dxc4 5. Qa4+ Nbd7 6. Qxc4 a6 7. g4 b5 8. Qc2 Bb7 9. Bg2 c5 10. dxc5 Bxc5 11. O-O Qb6 12. a4 Rc8 13. Qd1 O-O 14. g5 Ne4 15. e3 Rfd8 16. Qe2 bxa4 17. Rxa4 Bc6 18. Rxa6 Bb5 19. Rxb6 Bxe2 20. Rb7 Bxf1 21. Bxf1 Bd6 22. Bd2 Ndc5 23. Ra7 Nb3 24. Bc3 Nxc3 25. Nxc3 Bb4 26. Na2 Nd2 27. Nxd2 Bxd2 28. b4 Rd5 29. h4 h6 30. gxh6 gxh6 31. b5 Rc2 32. b6 Rb2 33. b7 Kg7 34. Bc4 Rc5 35. Ba6 Ra5 36. Ra8 Raxa2 37. b8=Q Rxb8 38. Rxb8 Rxa6 39. Rb2 Bc3 40. Rc2 Bf6 41. h5 Ra5 42. Kg2 Rxh5 43. Kf3 Rf5+ 44. Ke2 h5 45. Rc1 h4 46. f4 h3 47. Kf3 h2 48. Rh1 Rh5 49. Kg3 Kg6 50. e4 Be7 51. Rxh2 Rxh2 52. Kxh2 Kh5 53. Kg3 f5 54. exf5 exf5 55. Kf3 Bd6 56. Ke3 Kg4 0-1


[Site "https://www.chess.com"]

[Event "Titled Tuesday Blitz April 25 Early 2023"]
[White "Ansh M Shah"]
[Black "Al-Tarboush, Ward"]
[WhiteFideId "25033379"]
[BlackFideId "7601450"]
[WhiteElo "2084"]
[BlackElo "2265"]
[Result "0-1"]
[Round "05"]
[TimeControl "180+2"]
[Date "2023.04.25"]
[WhiteClock "0:00:02"]
[BlackClock "0:00:58"]

1. d4 Nf6 2. c4 b6 3. Nc3 Bb7 4. h4 e6 5. f3 Bb4 6. e4 d6 7. Bd2 Nbd7 8. a3 Bxc3 9. Bxc3 Qe7 10. g4 O-O-O 11. Qa4 Kb8 12. O-O-O h6 13. Bd3 c5 14. e5 Ne8 15. exd6 Qxd6 16. Ne2 Bxf3 17. Rhf1 Bxe2 18. Bxe2 Nef6 19. g5 hxg5 20. hxg5 Ne4 21. dxc5 Nxc3 22. Rxd6 Nxa4 23. Rfd1 Kc7 24. cxb6+ Ndxb6 25. Rxd8 Rxd8 26. Rxd8 Kxd8 0-1


[Site "https://www.chess.com"]

[Event "Titled Tuesday Blitz April 25 Early 2023"]
[White "MKlose11"]
[Black "Avalos Parra, Joao"]
[BlackFideId "3402541"]
[WhiteElo "2536"]
[BlackElo "2173"]
[Result "1-0"]
[Round "05"]
[TimeControl "180+2"]
[Date "2023.04.25"]
[WhiteClock "0:01:24"]
[BlackClock "0:01:21"]

1. e4 e5 2. Nf3 Nc6 3. d4 exd4 4. Bc4 Nf6 5. O-O d6 6. Nxd4 Be7 7. Nc3 O-O 8. a4 a5 9. f3 Nxd4 10. Qxd4 Be6 11. Bxe6 fxe6 12. e5 Nd7 13. exd6 Bxd6 14. Qc4 Kh8 15. Be3 Qh4 16. Qxh4 1-0


[Site "https://www.chess.com"]

[Event "Titled Tuesday Blitz April 25 Early 2023"]
[White "Risteski, Emil"]
[Black "Karthik Sai Ch"]
[WhiteFideId "15005267"]
[BlackFideId "46649484"]
[WhiteElo "2251"]
[BlackElo "2003"]
[Result "1/2-1/2"]
[Round "05"]
[TimeControl "180+2"]
[Date "2023.04.25"]
[WhiteClock "0:00:07"]
[BlackClock "0:00:06"]

1. c4 c6 2. e3 d5 3. Nf3 Nf6 4. b3 Bf5 5. Bb2 e6 6. Nc3 Nbd7 7. Nh4 Bg4 8. Be2 Bxe2 9. Nxe2 Be7 10. O-O O-O 11. Nf3 a5 12. a3 a4 13. cxd5 cxd5 14. Ne5 axb3 15. Nxd7 Qxd7 16. Qxb3 Rfc8 17. d3 Bd6 18. h3 e5 19. Nc3 Qe6 20. Nb5 Nd7 21. Nxd6 Qxd6 22. a4 Nc5 23. Qb4 Qe6 24. Rfd1 Na6 25. Qb3 Nc5 26. Qb5 f6 27. d4 exd4 28. Bxd4 Ne4 29. Rab1 Qc6 30. Qxb7 Qxb7 31. Rxb7 Rxa4 32. f3 Nd6 33. Rd7 Rc6 34. Rb1 h6 35. Rb8+ Kh7 36. Bxf6 Nf5 37. Be5 Rg6 38. Rdd8 Re6 39. Re8 Raa6 40. Bf4 d4 41. exd4 Nxd4 42. Kh2 Rxe8 43. Rxe8 Ra2 44. Re3 Nf5 45. Rd3 Re2 46. Rd2 Rxd2 47. Bxd2 g5 48. Kg1 Kg6 49. Kf2 h5 50. Bc3 h4 51. Be5 Ne7 52. Ke3 Kf5 53. Bd6 Nd5+ 54. Kf2 Nf6 55. Be7 Nd5 56. Bd8 Nf4 57. Kg1 Ne2+ 58. Kf2 Nf4 59. Bc7 Ne6 60. Bb8 Ng7 61. Ke3 Ne6 62. Kd3 Nc5+ 63. Kc4 Ne6 64. Bd6 Nf4 65. Kd4 Nxg2 66. Kd3 Nf4+ 67. Ke3 Nxh3 68. Ke2 Nf4+ 69. Kf2 Nh5 70. Kg2 Nf4+ 71. Kh2 Nd3 72. Kh3 Nf2+ 73. Kg2 Nd3 74. Bb8 Ne5 75. Kh2 Kf4 76. Kg2 Kf5 77. Kf2 Ng6 78. Kg2 Nf4+ 79. Kh2 Kg6 80. Kg1 Kh5 81. Kh2 Kg6 82. Kg1 Kf5 83. Kh2 Kg6 1/2-1/2


[Site "https://www.chess.com"]

[Event "Titled Tuesday Blitz April 25 Early 2023"]
[White "Gutkin, Ilya"]
[Black "Ronka, Erik"]
[WhiteFideId "16203470"]
[BlackFideId "505080"]
[WhiteElo "2265"]
[BlackElo "2264"]
[Result "0-1"]
[Round "05"]
[TimeControl "180+2"]
[Date "2023.04.25"]
[WhiteClock "0:00:01"]
[BlackClock "0:00:17"]

1. Nf3 d5 2. g3 c6 3. Bg2 Nf6 4. c4 Bg4 5. O-O Nbd7 6. d4 e6 7. h3 Bh5 8. cxd5 cxd5 9. Qb3 Qb6 10. Qxb6 Nxb6 11. Nc3 a6 12. Bf4 Bb4 13. Rfc1 O-O 14. a3 Be7 15. Bc7 Nbd7 16. Na4 Rfc8 17. Nb6 Nxb6 18. Bxb6 Nd7 19. Bc7 Bxf3 20. Bxf3 Nf6 21. g4 h6 22. Bf4 Kf8 23. Kf1 Ke8 24. Ke1 Kd7 25. Kd2 Bd6 26. Be3 Rc6 27. Rxc6 bxc6 28. Kc2 Ne8 29. Bd2 a5 30. e4 Nc7 31. e5 Be7 32. Be3 Na6 33. Be2 Nc7 34. f4 Rc8 35. Kb3 Rb8+ 36. Ka2 Nb5 37. Rc1 Rb7 38. Bd3 Nc7 39. f5 Bg5 40. Bxg5 hxg5 41. Rc5 Ra7 42. a4 Na8 43. b3 Nb6 44. Ka3 Nc8 45. fxe6+ fxe6 46. Bg6 Ra6 47. Bd3 Ra8 48. b4 axb4+ 49. Kxb4 Kc7 50. a5 Rb8+ 51. Kc3 Na7 52. Kd2 Rh8 53. a6 Rxh3 54. Rc2 Rh2+ 55. Be2 Rh8 56. Rb2 Rb8 57. Rc2 Rb3 58. Rc3 Rb4 59. Ke3 Kb6 60. Bd3 Nb5 61. Bxb5 Rxb5 62. Ra3 Ka7 63. Kd3 Rb6 64. Ra1 Rxa6 65. Rf1 Ra3+ 66. Kc2 Ra4 67. Kc3 Kb6 68. Rf7 Ra7 69. Rf8 Ra3+ 70. Kd2 Rg3 71. Re8 Rxg4 72. Ke3 Re4+ 73. Kd3 c5 74. dxc5+ Kxc5 75. Rxe6 g4 76. Re7 g5 77. Re8 g3 78. Rg8 Rxe5 0-1


[Site "https://www.chess.com"]

[Event "Titled Tuesday Blitz April 25 Early 2023"]
[White "Sonnenschein, Philipp"]
[Black "Hoffmann, Asa"]
[WhiteFideId "16250877"]
[BlackFideId "2001470"]
[WhiteElo "2224"]
[BlackElo "2117"]
[Result "0-1"]
[Round "05"]
[TimeControl "180+2"]
[Date "2023.04.25"]
[WhiteClock "0:00:12"]
[BlackClock "0:01:11"]

1. e4 d6 2. d4 Nf6 3. Bd3 e5 4. c3 Nc6 5. Nf3 Bg4 6. h3 Bxf3 7. Qxf3 exd4 8. O-O Be7 9. Bg5 O-O 10. Re1 Nd7 11. Bxe7 Qxe7 12. Qg3 Nde5 13. Bf1 Rfe8 14. f4 Ng6 15. Bc4 Qh4 16. Qxh4 Nxh4 17. Bb5 dxc3 18. Nxc3 a6 19. Ba4 b5 20. Bd1 Ng6 21. Nd5 Rac8 22. Bg4 Rb8 23. Bd7 Nd4 24. Bxe8 Rxe8 25. Nxc7 Rc8 26. Rac1 Nxf4 27. Kh2 Nd3 28. Nd5 Rxc1 29. Rxc1 Nxc1 30. Nc7 a5 31. Ne8 Nd3 32. Nxd6 Nxb2 0-1


[Site "https://www.chess.com"]

[Event "Titled Tuesday Blitz April 25 Early 2023"]
[White "Sharapov, Evgeny"]
[Black "Manon-og, Ramon Jr."]
[WhiteFideId "14103133"]
[BlackFideId "5200776"]
[WhiteElo "2367"]
[BlackElo "2349"]
[Result "1-0"]
[Round "05"]
[TimeControl "180+2"]
[Date "2023.04.25"]
[WhiteClock "0:01:14"]
[BlackClock "0:00:01"]

1. e4 c5 2. Nf3 d6 3. d4 cxd4 4. Nxd4 Nf6 5. f3 e5 6. Nb3 Be7 7. c4 O-O 8. Nc3 Be6 9. Be3 Nbd7 10. Be2 Rc8 11. Nd5 Bxd5 12. cxd5 a6 13. O-O b5 14. a4 b4 15. Bxa6 Ra8 16. Bb5 Nh5 17. Qd2 f5 18. exf5 h6 19. Qxb4 Rxf5 20. g4 Bg5 21. Bf2 Rf4 22. Qxd6 Nhf6 23. h4 Rxf3 24. hxg5 hxg5 25. Nc5 Nxc5 26. Qxd8+ Rxd8 27. Bxc5 Rg3+ 28. Kh2 Rb3 29. d6 Nxg4+ 30. Kg2 Rxb2+ 31. Kg3 Nf6 32. Rxf6 gxf6 33. d7 Kg7 34. Be7 Rb3+ 35. Kg4 Rh8 36. d8=Q Rxd8 37. Bxd8 Kg6 38. Be8+ Kg7 39. Rf1 Rb4+ 40. Kf5 1-0


[Site "https://www.chess.com"]

[Event "Titled Tuesday Blitz April 25 Early 2023"]
[White "Arpita, Mukherjee"]
[Black "Inepton_Fermion"]
[WhiteFideId "5056403"]
[WhiteElo "2129"]
[BlackElo "2341"]
[Result "1-0"]
[Round "05"]
[TimeControl "180+2"]
[Date "2023.04.25"]
[WhiteClock "0:00:31"]
[BlackClock "0:00:44"]

1. e4 g6 2. d4 Bg7 3. Nc3 d5 4. Be3 dxe4 5. Nxe4 Nf6 6. Nxf6+ exf6 7. Qd2 O-O 8. O-O-O c6 9. Bh6 Be6 10. Bxg7 Kxg7 11. Kb1 Nd7 12. h4 h5 13. f3 Nb6 14. g4 hxg4 15. h5 Rh8 16. h6+ Kh7 17. c3 gxf3 18. Nxf3 Qd5 19. Qf4 Qxa2+ 20. Kc1 Qa1+ 21. Kc2 Bf5+ 22. Bd3 Bxd3+ 23. Kxd3 Qa6+ 24. Kc2 Nd5 25. Ng5+ Kg8 26. h7+ Kg7 27. Qh2 Ne3+ 28. Kb1 fxg5 29. Qe5+ Kf8 30. Qxh8+ Ke7 31. Qe5+ Kd7 32. Qxe3 1-0


[Site "https://www.chess.com"]